 Dungeon Crawl Stone Soup version 0.13.0-11-g0187522 (webtiles) character file.

85331 pictorio the Grappler (level 15, 0/140 HPs)
             Began as a Troll Monk on Oct 17, 2013.
             Was a High Priest of Jiyva.
             Killed from afar by a bog body (15 damage)
             ... with a bolt of cold
             ... on Level 4 of the Swamp on Oct 18, 2013.
             The game lasted 05:19:10 (19223 turns).

pictorio the Grappler (Troll Monk)                 Turns: 19223, Time: 05:19:10

HP   0/140       AC 13     Str 26      XL: 15   Next: 33%
MP  17/17        EV 16     Int  9      God: Jiyva [*****.]
Gold 1510        SH 43     Dex 14      Spells:  0 memorised, 14 levels left

Res.Fire  : + + +   See Invis. : .     - Unarmed
Res.Cold  : . . .   Warding    : .   l - +2 robe of Qiwotoat {rF++ Str+3}
Life Prot.: + . .   Conserve   : .   u - +3 dwarf large shield {rF+}
Res.Poison: +       Res.Corr.  : +   A - +2 cap "Ibaug" {rPois rN+ Dam+4}
Res.Elec. : .       Clarity    : .   R - +1 cloak {MR+}
Sust.Abil.: + .     Spirit.Shd : .   (gloves unavailable)
Res.Mut.  : .       Stasis     : .   (boots unavailable)
Res.Rott. : .       Flight     : .   Q - amulet of faith
Gourmand  : +                        o - ring of protection from magic
                                     N - ring of sustain abilities

@: very resistant to hostile enchantments, fairly stealthy
A: unfitting armour, claws 3, fast metabolism 3, gourmand, mutation resistance
1, regeneration 2, saprovore 2, tough skin 2, acidic bite, +3 accuracy,
pseudopods 1, AC +4
a: Request Jelly, Jelly Paralyse, Slimify, Cure Bad Mutation, Renounce Religion


You were on level 4 of the Swamp.
You worshipped Jiyva.
Jiyva was extremely pleased with you.
You were not hungry.

You visited 5 branches of the dungeon, and saw 31 of its levels.
You also visited: Labyrinth.

You collected 1576 gold pieces.
You spent 66 gold pieces at shops.

Inventory:

Hand weapons
 f - the +6,+7 eveningstar "Rups" {crush, Str+4}
   (You found it in a labyrinth)

   It inflicts extra damage upon your enemies.
   It affects your strength (+4).
Missiles
 y - 2 large rocks of flame
 D - 3 large rocks (quivered)
Armour
 l - the +2 robe of Qiwotoat (worn) {rF++ Str+3}
   (Okawaru gifted it to you on level 8 of the Lair of Beasts)

   It affects your strength (+3).
   It greatly protects you from fire.
 u - a +3 dwarven large shield of fire resistance (worn)
 A - the +2 cap "Ibaug" (worn) {rPois rN+ Dam+4}
   (Okawaru gifted it to you on level 8 of the Lair of Beasts)

   It affects your damage-dealing abilities (+4).
   It protects you from poison.
   It protects you from negative energy.
 P - the +1 wizard hat "Xiaton" {rF+}
   (You found it on level 6 of the Lair of Beasts)

   It protects you from fire.
 R - a +1 cloak of magic resistance (worn)
 T - the +2 robe of the Kraken {+Rage rF+}
   (Okawaru gifted it to you on level 11 of the Dungeon)

   It protects you from fire.
   It lets you go berserk.
 X - a +2 wizard hat of magic resistance
Magical devices
 s - a wand of disintegration (10)
 K - a wand of disintegration (4)
Comestibles
 b - 11 meat rations
 v - 5 honeycombs
 x - 2 royal jellies
Scrolls
 c - 9 scrolls of remove curse
 d - 3 scrolls of recharging
 h - a scroll of vulnerability
 i - a scroll of acquirement {unknown}
 m - 3 scrolls of blinking
 q - 4 scrolls of fog
 t - a scroll of holy word
 z - 4 scrolls of magic mapping
 E - a scroll of identify
 M - 8 scrolls of teleportation
Jewellery
 a - an uncursed ring of protection from cold
 o - a ring of protection from magic (right claw)
 H - an uncursed ring of poison resistance
 I - an uncursed ring of protection from magic
 N - a ring of sustain abilities (left claw)
 Q - an amulet of faith (around neck)
Potions
 e - a potion of might
 g - 3 potions of restore abilities
 j - 2 potions of agility
 k - 4 potions of magic
 r - a potion of resistance {unknown}
 w - 4 potions of brilliance
 F - 12 potions of curing
 J - a potion of invisibility
Miscellaneous
 p - a bottled efreet


   Skills:
 + Level 8.3 Fighting
 + Level 3.3 Maces & Flails
 + Level 0.3 Throwing
 + Level 13.2 Dodging
 + Level 4.0 Stealth
 + Level 11.0 Shields
 + Level 14.2 Unarmed Combat
 + Level 4.8 Invocations
 + Level 1.2 Evocations


You had 14 spell levels left.
You didn't know any spells.

Dungeon Overview and Level Annotations

Branches:
Dungeon (12/27)            Temple (1/1) D:4             Orc (0/4) D:11
   Lair (8/8) D:12          Swamp (4/5) Lair:5        Snake (0/5) Lair:4
  Slime (6/6) Lair:8

Altars:
Ashenzari
Cheibriados
Elyvilon
Fedhas
Kikubaaqudgha
Makhleb
Nemelex Xobeh
Okawaru
Sif Muna
Vehumet
Xom
Yredelemnul
Zin
Jiyva

Shops:
D:12 *

Annotations:
Swamp:4 Jorgrun
Slime:6 Royal Jelly


Innate Abilities, Weirdness & Mutations

You are too large for most types of armour.
You have claws for hands.
Your metabolism is lightning-fast.
You like to eat raw meat.
You heal very quickly.
You can eat rotten meat.
You are covered in fur (AC +1).
You have very tough skin (AC +2).
You are partially covered in molten scales (AC +1).
You are partially covered in slimy green scales (AC +2).
You are somewhat resistant to further mutation.
You have acidic saliva.
Your body is partially covered in golden eyeballs (Acc +3).
Armour fits poorly on your pseudopods.


Message History

Use which ability? (? or * to list)
Okay, then.
Read which item? (? for menu, Esc to quit)
As you read the scroll of fear, it crumbles to dust.
You assume a fearsome visage.
Jorgrun easily resists.
The bog body is unaffected.
The swamp worm looks frightened!
You are engulfed in freezing vapours.
Jiyva shields your delectables from destruction.
* * * LOW HITPOINT WARNING * * *
Jorgrun hits you with a quarterstaff of crushing!
* * * LOW HITPOINT WARNING * * *
You block the bog body's attack.
You hit Jorgrun. You bludgeon Jorgrun, but do no damage.
Jorgrun is almost dead.
Jorgrun hits you with a quarterstaff of crushing.
* * * LOW HITPOINT WARNING * * *
The bog body casts a spell at you. The bolt of cold hits you!
Jiyva shields your delectables from destruction.
You die...

≈≈≈ ♣.≈≈≈.≈≈
.≈≈≈.... .≈≈≈...≈
.≈≈... .≈≈≈♣ ♣≈≈≈♣
♣♣n≈.♣ ♣♣@≈≈§♣ ♣
♣≈≈≈q.♣ ♣.≈≈ ≈.
♣≈≈≈♣♣♣♣♣ ♣♣♣.≈≈≈≈.
♣....≈≈≈♣♣♣≈≈..≈≈≈.
♣♣♣.≈≈≈≈≈≈≈≈≈≈.≈≈≈.
♣♣.≈≈≈≈≈≈≈≈.≈.≈..
♣♣..≈≈≈≈≈....≈♣...
♣≈≈≈≈≈≈≈≈≈≈≈≈≈♣♣≈.
♣≈≈≈≈≈≈≈≈≈≈≈≈≈≈.♣§


You could see Jorgrun (bleeding) and a bog body.

Vanquished Creatures
  Rupert (Lair:3)
  Gastronok (D:8)
  The ghost of inmateoo the Warrior, a powerful GrMo of Okawaru (Lair:8)
  A deep elf annihilator (D:11)
  A minotaur (Lab)
  The ghost of Scotch the Grappler, a powerful TrHu of Okawaru (D:12)
  8 hydras
  19 death yaks (Lair:8)
  4 alligators
  A very ugly thing (Swamp:2)
  3 catoblepae (Lair:8)
  4 skeletal warriors (D:12)
  Erolcha (D:10)
  3 hill giants
  An unseen horror (D:12)
  Joseph (D:10)
  4 swamp dragons
  An orc knight (D:11)
  A red wasp (shapeshifter) (D:11)
  A cyclops (D:12)
  12 elephants
  4 black mambas
  13 spiny frogs
  3 fire drakes
  A queen bee (D:9)
  4 komodo dragons
  A polar bear (Lair:6)
  7 bog bodies
  2 trolls (D:11)
  A slime creature (D:11)
  Prince Ribbit (D:8)
  2 giant leeches
  2 baby alligators (Swamp:3)
  14 blink frogs
  3 boulder beetles
  A raven (Swamp:1)
  A basilisk (Lair:8)
  A trapdoor spider (D:11)
  7 ugly things
  A wyvern (D:9)
  An elephant slug (Lair:8)
  28 vampire mosquitoes
  Grum (D:8)
  49 yaks
  9 hippogriffs
  4 wolves (D:8)
  A soldier ant (D:12)
  2 manticores
  21 swamp worms
  4 nagas
  2 swamp drakes
  12 orc warriors
  6 ice beasts
  5 sky beasts
  6 porcupines
  4 ogres
  2 phantoms
  5 centaurs
  A yellow wasp (D:8)
  5 giant goldfish
  4 big kobolds
  10 crocodiles
  5 giant slugs
  5 giant frogs
  Blork the orc (D:5)
  6 agate snails
  10 water moccasins
  24 insubstantial wisps
  2 cyclops zombies (D:12)
  The ghost of cedor the Slasher, an average NaSk (D:4)
  A troll zombie (D:11)
  A giant goldfish zombie (D:9)
  2 wights
  2 eyes of draining
  23 killer bees
  A troll skeleton (D:9)
  6 electric eels
  4 crimson imps
  A quasit (D:11)
  A basilisk zombie (D:12)
  2 big fish (Lair:5)
  A centaur zombie (D:5)
  2 iguanas
  9 orc priests
  2 giant frog skeletons
  4 hounds
  3 jellies
  8 orc wizards
  A water moccasin skeleton (D:4)
  2 scorpions
  12 worker ants
  26 sheep
  Ijyb (D:5)
  An ogre zombie (D:11)
  A mottled dragon skeleton (D:12)
  A big kobold skeleton (D:11)
  A mummy (D:12)
  A hound skeleton (D:6)
  A big fish zombie (D:9)
  23 adders
  4 giant mites
  An inept item mimic (D:9)
  4 giant centipedes
  7 gnolls
  36 green rats
  6 worms
  An adder skeleton (D:5)
  An iguana skeleton (D:8)
  3 giant eyeballs
  7 giant geckos
  2 oozes (D:2)
  52 orcs
  A bat skeleton (D:6)
  4 giant cockroaches
  13 goblins
  30 hobgoblins
  20 jackals
  23 kobolds
  12 quokkas
  A ball python (D:4)
  18 bats
  8 giant newts
  A hobgoblin skeleton (D:8)
  A hobgoblin zombie (D:6)
  A jackal skeleton (D:9)
  A quokka skeleton (D:4)
  A quokka zombie (D:5)
  20 rats
  11 ballistomycetes
  A bush (Lair:7)
  4 fungi
  A plant (D:12)
815 creatures vanquished.

Vanquished Creatures (others)
  2 acid blobs (Slime:6)
  An azure jelly (Slime:6)
  A death ooze (Slime:6)
  An alligator (Swamp:1)
  3 giant amoebae
  A shining eye (Slime:6)
  A spiny frog (Swamp:1)
  17 slime creatures
  A bog body (Swamp:1)
  3 brown oozes
  2 golden eyes (Slime:1)
  A swamp worm (Swamp:1)
  2 swamp drakes (Swamp:1)
  2 giant goldfish
  3 water moccasins
  3 insubstantial wisps (Swamp:1)
  An agate snail (Lair:7)
  An eye of draining (Slime:6)
  3 jellyfish
  2 pulsating lumps (Slime:6)
  30 jellies
  A giant eyeball (Slime:2)
  2 giant spores
  A fungus (Swamp:4)
  3 plants
88 creatures vanquished.

Grand Total: 903 creatures vanquished

Notes
Turn   | Place    | Note
--------------------------------------------------------------
     0 | D:1      | pictorio, the Troll Monk, began the quest for the Orb.
     0 | D:1      | Reached XP level 1. HP: 20/20 MP: 0/0
    92 | D:1      | Reached XP level 2. HP: 28/28 MP: 0/0
   655 | D:2      | Reached XP level 3. HP: 36/36 MP: 1/1
   880 | D:2      | Reached XP level 4. HP: 39/44 MP: 1/1
   898 | D:2      | Reached skill level 5 in Unarmed Combat
  1388 | D:2      | Reached XP level 5. HP: 44/50 MP: 1/1
  1803 | D:3      | Noticed an ogre
  1820 | D:3      | Killed an ogre
  1820 | D:3      | Reached XP level 6. HP: 43/59 MP: 2/2
  1975 | D:3      | Reached skill level 6 in Unarmed Combat
  2246 | D:4      | Noticed cedor's ghost (average NaSk)
  2265 | D:4      | Killed cedor's ghost
  2438 | D:4      | Reached XP level 7. HP: 54/67 MP: 2/2
  2712 | D:4      | Found a radiant altar of Vehumet.
  2799 | D:4      | Found a staircase to the Ecumenical Temple.
  2809 | D:4      | Reached skill level 1 in Shields
  2836 | D:5      | Entered Level 5 of the Dungeon
  2836 | D:5      | Noticed Blork the orc
  2859 | D:5      | Killed Blork the orc
  3036 | D:5      | Noticed Ijyb
  3044 | D:5      | Killed Ijyb
  3216 | D:5      | Found a blossoming altar of Fedhas.
  3230 | D:5      | Reached skill level 7 in Unarmed Combat
  3316 | Temple   | Entered the Ecumenical Temple
  3377 | Temple   | Became a worshipper of Warmaster Okawaru
  3377 | Temple   | Acquired Okawaru's first power
  3589 | D:6      | Reached XP level 8. HP: 41/76 MP: 0/2
  3618 | D:6      | Reached skill level 5 in Dodging
  5074 | D:7      | Paralysed by a giant eyeball for 4 turns
  5159 | D:8      | Reached XP level 9. HP: 58/83 MP: 0/3
  5280 | D:8      | Reached skill level 8 in Unarmed Combat
  5374 | D:8      | Noticed Grum
  5377 | D:8      | Reached skill level 1 in Invocations
  5395 | D:8      | Killed Grum
  5426 | D:8      | Noticed Gastronok
  5453 | D:8      | Killed Gastronok
  5453 | D:8      | Reached skill level 9 in Unarmed Combat
  5453 | D:8      | Reached XP level 10. HP: 50/93 MP: 2/6
  5512 | D:8      | Noticed Prince Ribbit
  5517 | D:8      | Killed Prince Ribbit
  5661 | D:9      | Reached skill level 5 in Fighting
  5675 | D:9      | Acquired Okawaru's second power
  5750 | D:9      | Reached skill level 10 in Unarmed Combat
  5936 | D:9      | Gained mutation: You are partially covered in slimy green scales (AC +2). [potion of mutation]
  5936 | D:9      | Gained mutation: Your body is slowly deteriorating. [potion of mutation]
  5936 | D:9      | Gained mutation: You are partially covered in molten scales (AC +1). [potion of mutation]
  6147 | D:9      | Received a gift from Okawaru
  6258 | D:9      | Reached XP level 11. HP: 60/101 MP: 7/7
  6479 | D:9      | Found a basalt altar of Yredelemnul.
  6580 | D:10     | Entered Level 10 of the Dungeon
  6771 | D:10     | Noticed Erolcha
  6782 | D:10     | Killed Erolcha
  6822 | D:10     | Reached skill level 11 in Unarmed Combat
  6855 | D:10     | Got a warped dagger
  7116 | D:10     | Noticed Joseph
  7132 | D:10     | Killed Joseph
  7366 | D:11     | Noticed a lindwurm
  7366 | D:11     | a trapdoor spider changed into a lindwurm
  7374 | D:11     | a lindwurm changed into a red wasp
  7382 | D:11     | Noticed a hill giant
  7389 | D:11     | Noticed a deep elf annihilator
  7396 | D:11     | Killed a hill giant
  7396 | D:11     | Received a gift from Okawaru
  7410 | D:11     | Reached skill level 5 in Shields
  7433 | D:11     | Killed a deep elf annihilator
  7495 | D:11     | Found a labyrinth entrance.
  7524 | Lab      | Entered a labyrinth
  7735 | Lab      | Noticed a minotaur
  7745 | Lab      | Killed a minotaur
  7748 | Lab      | Identified the Catalogue of Mutagenic Clay
  7761 | Lab      | Got a dazzling eveningstar
  7785 | Lab      | Got a shimmering dagger
  7788 | Lab      | Identified the Incunabulum of the Boosting Voyage
  7792 | Lab      | Identified the eveningstar "Rups" {crush, Str+4} (You found it in a labyrinth)
  7793 | Lab      | Identified the dagger "Pryxtos" {stab, Str+1 SInv} (You found it in a labyrinth)
  7892 | D:11     | Noticed a hill giant
  7900 | D:11     | Killed a hill giant
  8008 | D:11     | Received a gift from Okawaru
  8012 | D:11     | Got a crude robe {god gift}
  8018 | D:11     | Identified the +2 robe of the Kraken {+Rage rF+} (Okawaru gifted it to you on level 11 of the Dungeon)
  8087 | D:11     | Reached skill level 10 in Dodging
  8246 | D:11     | Reached XP level 12. HP: 111/111 MP: 10/10
  8260 | D:11     | Found a staircase to the Orcish Mines.
  8759 | D:12     | Reached skill level 12 in Unarmed Combat
  8865 | D:12     | Found a staircase to the Lair.
  8878 | D:12     | Found Deupry Shro's Off-Brand Ammunition.
  8948 | D:12     | Bought 3 large rocks of flame for 66 gold pieces
  9050 | D:12     | Noticed Scotch's ghost (powerful TrHu)
  9074 | D:12     | Killed Scotch's ghost
  9074 | D:12     | Reached skill level 1 in Evocations
  9248 | D:12     | Reached skill level 1 in Maces & Flails
  9574 | D:12     | Received a gift from Okawaru
  9629 | D:12     | Noticed a three-headed hydra
  9640 | D:12     | Killed a three-headed hydra
  9951 | Lair:1   | Entered Level 1 of the Lair of Beasts
  9984 | Lair:1   | Received a gift from Okawaru
  9998 | Lair:1   | Noticed a seven-headed hydra
 10030 | Lair:1   | Killed a seven-headed hydra
 10874 | Lair:2   | Reached XP level 13. HP: 120/120 MP: 11/11
 11093 | Lair:3   | Received a gift from Okawaru
 11441 | Lair:3   | Noticed Rupert
 11445 | Lair:3   | Paralysed by Rupert for 6 turns
 11458 | Lair:3   | Killed Rupert
 12064 | Lair:4   | Received a gift from Okawaru
 12341 | Lair:4   | Found a staircase to the Snake Pit.
 13187 | Lair:5   | Found a staircase to the Swamp.
 13450 | Lair:6   | Got a transparent wizard hat
 13451 | Lair:6   | Identified the cursed +1 wizard hat "Xiaton" {rF+} (You found it on level 6 of the Lair of Beasts)
 13512 | Lair:6   | Received a gift from Okawaru
 13833 | Lair:7   | Reached skill level 13 in Unarmed Combat
 13942 | Lair:7   | Received a gift from Okawaru
 14356 | Lair:7   | Reached XP level 14. HP: 130/130 MP: 13/13
 14416 | Lair:8   | Entered Level 8 of the Lair of Beasts
 14666 | Lair:8   | Received a gift from Okawaru
 14687 | Lair:8   | Got a shimmering robe {god gift}
 14694 | Lair:8   | Identified the +2 robe of Qiwotoat {rF++ Str+3} (Okawaru gifted it to you on level 8 of the Lair of Beasts)
 14760 | Lair:8   | Reached skill level 10 in Shields
 14965 | Lair:8   | Noticed inmateoo's ghost (powerful GrMo)
 15004 | Lair:8   | Killed inmateoo's ghost
 15081 | Lair:8   | Received a gift from Okawaru
 15100 | Lair:8   | Got an ichor-stained cap {god gift}
 15106 | Lair:8   | Identified the +2 cap "Ibaug" {rPois rN+ Dam+4} (Okawaru gifted it to you on level 8 of the Lair of Beasts)
 15348 | Lair:8   | Found a viscous altar of Jiyva.
 15348 | Lair:8   | Found a staircase to the Slime Pits.
 15355 | Lair:8   | Fell from the grace of Okawaru
 15355 | Lair:8   | Became a worshipper of Jiyva Juakonar the Shapeless
 15404 | Slime:1  | Entered Level 1 of the Pits of Slime
 15461 | Slime:2  | Noticed an azure jelly
 15495 | Slime:2  | Noticed an azure jelly
 15503 | Slime:2  | Noticed an acid blob
 15525 | Slime:2  | Noticed an acid blob
 15533 | Slime:2  | Noticed an azure jelly
 15677 | Slime:6  | Entered Level 6 of the Pits of Slime
 15695 | Slime:6  | Noticed an acid blob
 15701 | Slime:6  | Noticed the royal jelly
 15701 | Slime:6  | Noticed an azure jelly
 15704 | Slime:6  | Found a viscous altar of Jiyva.
 15709 | Slime:6  | Noticed an acid blob
 15709 | Slime:6  | Noticed an acid blob
 15709 | Slime:6  | Noticed an acid blob
 15711 | Slime:6  | Noticed an acid blob
 15721 | Slime:6  | Killed an acid blob
 15783 | Slime:6  | Noticed an acid blob
 15785 | Slime:6  | Noticed an acid blob
 15820 | Slime:6  | Killed an azure jelly
 15839 | Slime:6  | Noticed an acid blob
 15839 | Slime:6  | Killed an acid blob
 15880 | Slime:6  | Noticed an azure jelly
 15912 | Slime:6  | Noticed an azure jelly
 16066 | Slime:5  | Noticed an acid blob
 16066 | Slime:5  | Noticed an acid blob
 16068 | Slime:5  | Noticed an acid blob
 16068 | Slime:5  | Noticed an acid blob
 16088 | Slime:3  | Noticed an acid blob
 16090 | Slime:3  | Noticed an acid blob
 16243 | Lair:8   | Found a shimmering altar of Xom.
 16495 | Lair:8   | Acquired Jiyva's first power
 16734 | Lair:5   | Acquired Jiyva's second power
 16745 | Swamp:1  | Entered Level 1 of the Swamp
 16917 | Swamp:1  | Gained mutation: Armour fits poorly on your pseudopods. [Jiyva's grace]
 16938 | Swamp:1  | Reached skill level 14 in Unarmed Combat
 17116 | Swamp:1  | Acquired Jiyva's third power
 17153 | Swamp:1  | Gained mutation: Your body is partially covered in golden eyeballs (Acc +3). [Jiyva's grace]
 17603 | Swamp:2  | Reached XP level 15. HP: 78/140 MP: 16/16
 17633 | Swamp:2  | Gained mutation: You have acidic saliva. [Jiyva's grace]
 17749 | Swamp:3  | Acquired Jiyva's fourth power
 17754 | Swamp:3  | Lost mutation: Your body is slowly deteriorating. [Jiyva's power]
 17755 | Swamp:3  | Upgraded the game from 0.13.0-9-gbc74161 to 0.13.0-11-g0187522
 18028 | Swamp:3  | Lost mutation: You are partially covered in molten scales (AC +1). [Jiyva's grace]
 18107 | Swamp:4  | Noticed Jorgrun
 18655 | Swamp:3  | Gained mutation: You are somewhat resistant to further mutation. [Jiyva's grace]
 18921 | Swamp:4  | Gained mutation: You are partially covered in molten scales (AC +1). [Jiyva's grace]
 19223 | Swamp:4  | Killed from afar by a bog body

Action                   |  1- 3 |  4- 6 |  7- 9 | 10-12 | 13-15 || total
-------------------------+-------+-------+-------+-------+-------++-------
Melee: Unarmed           |    56 |   208 |   347 |   748 |  1360 ||  2719
       Eveningstar       |       |       |       |   165 |    59 ||   224
Throw: Large rock        |       |       |       |     3 |     3 ||     6
Invok: Heroism           |       |       |     7 |    16 |    12 ||    35
       Finesse           |       |       |       |     1 |     1 ||     2
       Request Jelly     |       |       |       |       |    20 ||    20
       Cure Bad Mutation |       |       |       |       |     2 ||     2
 Abil: Evoke Berserk Rag |       |       |       |     2 |     1 ||     3
Evoke: Wand              |       |       |       |    12 |     1 ||    13
  Use: Scroll            |       |       |    12 |    18 |    16 ||    46
       Potion            |       |       |     1 |     7 |    11 ||    19
 Stab: Sleeping          |       |     2 |     2 |     4 |     3 ||    11
       Confused          |       |       |       |       |     6 ||     6
